 Dungeon Crawl Stone Soup version 0.31-a0-1071-gaead2f62b1 (webtiles) character file.

Game seed: 8146206994694840348

352 wildpjah the Covert (level 6, -6/36 HPs)
             Began as a Kobold Brigand on Nov 26, 2023.
             Mangled by a black bear (10 damage)
             ... on level 5 of the Dungeon.
             The game lasted 00:05:41 (4212 turns).

wildpjah the Covert (Kobold Brigand)                Turns: 4212, Time: 00:05:42

Health: -6/36      AC:  3    Str:  9    XL:     6   Next: 94%
Magic:  7/7        EV: 14    Int: 12    God:
Gold:   160        SH:  0    Dex: 18    Spells: 5/7 levels left

rFire   . . .        p - +2 dagger (venom)
rCold   . . .        (no shield)
rNeg    . . .        b - +0 robe
rPois   .            (no helmet)
rElec   .            c - +0 cloak
rCorr   .            (no gloves)
SInv    .            (no boots)
Will    .....        (no amulet)
Stlth   +++++        (no ring)
HPRegen 0.26/turn    (no ring)
MPRegen 0.10/turn

%: no passive effects
@: no status effects
A: small, no large weapons, nightstalker 3
a: no special abilities


You were on level 5 of the Dungeon.
You visited 1 branch of the dungeon, and saw 5 of its levels.

You collected 160 gold pieces.

Inventory:

Hand Weapons
 a - a +2 dagger
 l - a +1 short sword of protection
 p - a +2 dagger of venom (weapon)
Missiles
 d - 11 poisoned darts
 e - 2 curare-tipped darts (quivered)
 v - 2 atropa-tipped darts
Armour
 b - a +0 robe (worn)
 c - a +0 cloak (worn)
Wands
 k - a wand of charming (6)
 s - a wand of flame (13)
Scrolls
 f - a scroll of fog {unknown}
 g - a scroll of brand weapon {unknown}
 j - a scroll of silence {unknown}
 m - a scroll of enchant armour {unknown}
 o - a scroll of immolation {unknown}
 q - a scroll of blinking {unknown}
 u - a scroll of noise {unknown}
 w - a scroll of summoning {unknown}
 x - a scroll of teleportation {unknown}
Potions
 h - 2 potions of heal wounds {unknown}
 i - a potion of berserk rage {unknown}
 n - 2 potions of curing {unknown}
 r - a potion of invisibility {unknown}
 t - 2 potions of lignification {unknown}


   Skills:
 + Level 2.6 Fighting
 + Level 4.4 Short Blades
 + Level 2.2 Throwing
 + Level 1.9 Dodging
 + Level 9.3 Stealth
 * Level 1.0 Spellcasting
 * Level 0.9 Translocations


You had 5 spell levels left.
You knew the following spells:

 Your Spells              Type           Power      Damage    Failure   Level
a - Blink                 Tloc           4%         N/A       32%         2

Your spell library contained the following spells:

 Spells                   Type           Power      Damage    Failure   Level
 Lesser Beckoning         Tloc           4%         N/A       32%         2
 Momentum Strike          Conj/Tloc      2%         3d8       36%         2
 Sublimation of Blood     Necr           0%         N/A       41%         2
 Gell's Gravitas          Tloc           2%         N/A       54%         3
 Teleport Other           Tloc           2%         N/A       54%         3
 Inner Flame              Hex/Fire       0%         N/A       65%         3
 Sigil of Binding         Hex            0%         N/A       65%         3
 Petrify                  Tmut/Erth      0%         N/A       96%         4
 Irradiate                Conj/Tmut      0%         3d11      100%        5
 Dispersal                Tloc           1%         N/A       100%        6
 Starburst                Conj/Fire      0%         6d3       100%        6
 Ignition                 Fire           0%         3d3       100%        8


Dungeon Overview and Level Annotations

Branches:
Dungeon (5/15)
 Temple: D:4-7

Altars:
Vehumet

Shops:
D:2 =   D:5 *


Innate Abilities, Weirdness & Mutations

You are small and have problems with some larger weapons.
You are completely attuned to the shadows.


Message History

The quokka misses you.
There are monsters nearby!
You hit the quokka.
You kill the quokka!
The black bear bites you. The black bear claws you. x2
A black bear is nearby!
You barely miss the black bear. You hit the black bear.
The black bear is poisoned.
The black bear is lightly wounded.
The black bear bites you. The black bear claws you. x2
You are too injured to fight recklessly!
You are too injured to fight recklessly!
You are too injured to fight recklessly!
The black bear attacks as it pursues you!
The black bear barely misses you. The black bear claws you.
The black bear barely misses you.
Throw: 3 darts (curare)
Press: ? - help, Q - select action, (/) - cycle Shift-Dir - straight line, f - black bear
Aim: a black bear (moderately wounded, very poisoned, 68% to hit)
You throw a curare-tipped dart.
The curare-tipped dart hits the black bear.
The black bear looks as sick as possible!
The black bear convulses.
The black bear seems to slow down.
The black bear is severely wounded.
The black bear barely misses you. x3
The black bear shakes off its lethargy.
The black bear goes berserk!
The black bear bites you.
* * * LOW HITPOINT WARNING * * *
The black bear closely misses you. The black bear barely misses you.
The black bear bites you.
* * * LOW HITPOINT WARNING * * *
The black bear closely misses you. The black bear claws you.
* * * LOW HITPOINT WARNING * * *
The black bear attacks as it pursues you!
The black bear misses you.
The black bear claws you but does no damage.
The black bear completely misses you. The black bear bites you!
You die...

#.#...##
........#+#
.......#..#
.#.......#..
...#.......#
.#.###.#######
............#
.###h#####.#
#@# #.# .....#
#.#
##########.#
#.......#
#.####### #.#
#.# #.# #.#


You could see a black bear (berserk, very poisoned).

Vanquished Creatures
  A bullfrog (D:4)
  A howler monkey (D:4)
  2 hounds (D:4)
  An orc wizard (D:4)
  8 adders
  A dart slug (D:2)
  9 orcs
  5 endoplasms
  4 giant cockroaches
  11 goblins
  5 hobgoblins
  4 jackals (D:1)
  4 kobolds
  6 quokkas
  7 ball pythons
  6 bats
  6 frilled lizards
  5 rats
86 creatures vanquished.

Notes
Turn   | Place    | Note
-------+----------+-------------------------------------------
     0 | D:1      | wildpjah the Kobold Brigand began the quest for the Orb.
     0 | D:1      | Reached XP level 1. HP: 12/12 MP: 1/1
   229 | D:1      | Reached XP level 2. HP: 17/17 MP: 2/2
   288 | D:1      | Reached skill level 6 in Stealth
   717 | D:1      | Reached XP level 3. HP: 15/21 MP: 3/3
  1448 | D:2      | Found Cieker's Jewellery Emporium.
  1568 | D:2      | Reached skill level 7 in Stealth
  1568 | D:2      | Reached XP level 4. HP: 26/26 MP: 4/4
  2474 | D:3      | HP: 1/27 [orc/+0 short sword (3)]
  2700 | D:3      | Reached XP level 5. HP: 31/31 MP: 5/5
  2952 | D:3      | Found a faded altar of an unknown god.
  3135 | D:4      | Reached skill level 8 in Stealth
  3226 | D:4      | Found a radiant altar of Vehumet.
  3286 | D:4      | Reached XP level 6. HP: 31/36 MP: 6/6
  3306 | D:4      | Got the Lessons on the Enthralling Dragon
  3310 | D:4      | Learned a level 2 spell: Blink
  3612 | D:4      | Reached skill level 9 in Stealth
  4100 | D:5      | Entered Level 5 of the Dungeon
  4104 | D:5      | Reached skill level 1 in Spellcasting
  4127 | D:5      | Found Ynaqan's Overcharged Wands.
  4194 | D:5      | Noticed a black bear
  4212 | D:5      | Mangled by a black bear

Illustrated notes

Levels and vault maps discovered:
D:1:      tarquinn_simple_flora_water_c, layout_loops_corners, serial_forest,
          infiniplex_forest_clump_medium, infiniplex_forest_split,
          infiniplex_forest_clump_medium, infiniplex_forest_lined_ring,
          infiniplex_forest_straight_2, infiniplex_forest_end_3,
          hangedman_decor_lopped
D:2:      layout_basic, serial_shops, nicolae_diamond_shop, serial_bayou,
          serial_bayou_ford_a, serial_bayou_crossing, serial_bayou_shore_a,
          serial_bayou_pond_d, minmay_misc_feat_rows
D:3:      layout_loops_ring, shapermc_ecumenical_altar_gd, nicolae_the_louvre
D:4:      minmay_wonky_spiral, layout_loops_ring, vehumet_altar_wand_db
D:5:      layout_basic, mainiacjoe_overflow_six_doors_small,
          nicolae_elyvilon_peaceful_grove, jmf_multi_god_temple,
          grunt_ministairs_13, nicolae_shop_overcharged_wands

Skill      XL: |  1  2  3  4  5  6 |
---------------+-------------------+-----
Stealth        | 6 7 8 9 |  9.3
Short Blades   | 3 4 |  4.4
Spellcasting   | 1 |  1.0
Fighting       | |  2.6
Throwing       | |  2.2
Dodging        | |  1.9
Translocations | |  0.9

Action                     |  1- 3 |  4- 6 || total
---------------------------+-------+-------++-------
  Melee: Dagger            |   180 |   135 ||   315
         Short sword       |     8 |       ||     8
         Punch             |     1 |       ||     1
  Throw: Dart              |       |     1 ||     1
   Stab: Sleeping          |    12 |    28 ||    40
         Distracted        |       |     1 ||     1
 Armour: Robe              |    24 |    48 ||    72
  Dodge: Dodged            |    35 |    68 ||   103

Table legend: (Time is in decaauts)
 A = Elapsed time spent in this place.
 B = Non-inter-level travel time spent in this place.
 C = Inter-level travel time spent in this place.
 D = Time resting spent in this place.
 E = Time spent auto-exploring this place.
 F = Levels seen in this place.
 G = Mean time per level.
                   A        B        C        D        E       F      G
               +--------+--------+--------+--------+--------+-----+--------+
         Total |   4201 |   4140 |     61 |      0 |   3558 |   5 |  840.2 |
       Dungeon |   4201 |   4140 |     61 |      0 |   3558 |   5 |  840.2 |
               +--------+--------+--------+--------+--------+-----+--------+

Top non-repeatable levels by time:
     D:1: 1305 daAuts
     D:2: 996 daAuts
     D:4: 992 daAuts
     D:3: 798 daAuts
     D:5: 109 daAuts
